 Dungeon Crawl Stone Soup version 0.23.2-30-g0e89c35649 (webtiles) character file.

Game seed: 3895206225543224765

199 Descartes the Skirmisher (level 6, 0/49 HPs)
             Began as a Formicid Abyssal Knight on June 23, 2019.
             Was a Priest of Lugonu.
             Succumbed to an adder's poison
             ... on level 3 of the Dungeon.
             The game lasted 00:07:10 (4090 turns).

Descartes the Skirmisher (Formicid Abyssal Knight)  Turns: 4090, Time: 00:07:10

Health: 0/49       AC: 10    Str: 19    XL:     6   Next: 6%
Magic:  8/8        EV:  8    Int: 11    God:    Lugonu [***...]
Gold:   81         SH:  0    Dex: 10    Spells: 5/5 levels left

rFire    . . .     SeeInvis +   a - +1 hand axe
rCold    . . .     Gourm    .   (no shield)
rNeg     . . .     Faith    .   f - +0 chain mail
rPois    .         Spirit   .   (helmet unavailable)
rElec    .         Reflect  .   e - +0 cloak
rCorr    .         Harm     .   (no gloves)
MR       .....                  (no boots)
Stlth    ..........             (no amulet)
HPRegen  0.16/turn              (no ring)
MPRegen  0.11/turn              (no ring)

@: lethally poisoned (0 -> -9)
A: permanent stasis, dig shafts and tunnels, four strong arms, antennae 3
a: Dig, Shaft Self, Depart the Abyss, Bend Space, Banish, Renounce Religion


You were on level 3 of the Dungeon.
You worshipped Lugonu.
Lugonu was most pleased with you.
You were not hungry.

You visited 1 branch of the dungeon, and saw 4 of its levels.
You visited the Abyss 1 time.

You collected 81 gold pieces.

Inventory:

Hand Weapons
 a - a +1 hand axe (weapon)
 b - a +0 mace
Armour
 e - a +0 cloak (worn)
 f - a +0 chain mail (worn)
Jewellery
 l - an uncursed ring of flight {unknown}
Scrolls
 d - a scroll of blinking {unknown}
 h - 2 scrolls of amnesia {unknown}
 k - a scroll of identify {unknown}
Potions
 g - a potion of heal wounds {unknown}
 j - a potion of mutation {unknown}
Comestibles
 c - 8 rations


   Skills:
 + Level 4.4 Fighting
 + Level 3.0 Axes
 + Level 3.3 Armour
 + Level 2.1 Dodging
 + Level 3.5 Invocations


You had 5 spell levels left.
You didn't know any spells.
Your spell library was empty.

Dungeon Overview and Level Annotations

Branches:
Dungeon (4/15)
 Temple: D:4-7

Altars:
Hepliaklqana
Okawaru
Uskayaw


Innate Abilities, Weirdness & Mutations

You cannot be hasted, slowed, berserked, paralysed or teleported.
You can dig through walls and to a lower floor.
Your four strong arms can wield two-handed weapons with a shield.
You have a pair of large antennae on your head. (SInv)


Message History

You closely miss the adder. The adder completely misses you.
The adder bites you but does no damage.
You hit the adder.
The adder is lightly wounded.
The adder bites you but does no damage.
You hit the adder.
The adder is heavily wounded.
You feel sick. The adder bites you but does no damage. The adder bites you.
* * * LOW HITPOINT WARNING * * *
You are more poisoned.
The adder poisons you!
You hit the adder.
The adder is almost dead.
The adder bites you.
* * * LOW HITPOINT WARNING * * *
You are more poisoned.
The adder poisons you!
Your chain mail prevents you from hitting the adder.
The adder is almost dead.
You die...

.##8...8...8.#.# #.# #......#
.##.........##.# #.# #.......
.#8.........>#.# #.# #......#
###......[..#### #.# #.#...##
...8...8...8### ##.####.##.##
.####_###8### #.....(.####
.########### #.....#(#(##
.........#.#########.###.##.#.# #
###.######......@S.[.# #.###### #
###.# ##########..# #.# # .##.#
#..###.#
.##.###############......#
....................####.#
..............#####.# ##.##
########...##.#####.###...#######
#.<.##........)..<)....... ###
#...##..####...#...#######


You could see an adder.

Vanquished Creatures
  An orc priest (D:3)
  A worker ant (D:4)
  4 adders
  2 worms (D:2)
  4 leopard geckos
  4 orcs (D:3)
  3 ball pythons
  5 giant cockroaches (D:1)
  8 goblins
  8 hobgoblins
  14 jackals
  4 quokkas
  8 bats
  6 frilled lizards
  8 kobolds
  13 rats
93 creatures vanquished.

Notes
Turn   | Place    | Note
-------+----------+-------------------------------------------
     0 | Abyss:1  | Descartes the Formicid Abyssal Knight began the quest for
                  | the Orb.
     0 | Abyss:1  | Reached XP level 1. HP: 18/18 MP: 2/2
     9 | D:1      | Escaped the Abyss
   157 | D:1      | Reached XP level 2. HP: 24/24 MP: 3/3
   239 | D:1      | Reached skill level 1 in Dodging
   336 | D:1      | Reached ** piety under Lugonu
   336 | D:1      | Reached XP level 3. HP: 4/30 MP: 4/4
  1210 | D:2      | Reached XP level 4. HP: 16/37 MP: 4/6
  1396 | D:2      | Reached skill level 4 in Fighting
  2051 | D:2      | Found a hide-covered altar of Uskayaw.
  2281 | D:3      | Reached XP level 5. HP: 40/42 MP: 7/7
  2283 | D:3      | Reached *** piety under Lugonu
  2612 | D:3      | Found a hazy altar of Hepliaklqana.
  2615 | D:3      | Found an iron altar of Okawaru.
  3933 | D:4      | Reached XP level 6. HP: 34/49 MP: 8/8
  4062 | D:4      | Noticed an ogre
  4089 | D:3      | HP: 1/49 [adder (4)]
  4090 | D:3      | Succumbed to an adder's poison

Skill      XL: |  1  2  3  4  5 |
---------------+----------------+-----
Dodging        | 1 2 |  2.1
Fighting       | 4 |  4.4
Invocations    | 3 |  3.5
Armour         | 3 |  3.3
Axes           | 3 |  3.0

Action                   |  1- 3 |  4- 6 || total
-------------------------+-------+-------++-------
Melee: Hand axe          |   115 |   183 ||   298
Invok: Bend Space        |       |     1 ||     1
 Abil: Dig               |       |     4 ||     4
  Use: Potion            |     2 |     1 ||     3
  Eat: Chunk             |     1 |     7 ||     8
       Ration            |       |     1 ||     1
Armor: Leather armour    |    51 |     1 ||    52
       Chain mail        |       |   132 ||   132
Dodge: Dodged            |    96 |    78 ||   174
